 Dungeon Crawl Stone Soup version 0.26.1 (webtiles) character file.

Game seed: 17043284414858788788

413 skwiii the Digger (level 6, -2/33 HPs)
             Began as a Gargoyle Earth Elementalist on Feb 7, 2021.
             Killed from afar by an orc wizard (4 damage)
             ... with a puff of frost
             ... on level 5 of the Dungeon.
             The game lasted 00:25:35 (5006 turns).

skwiii the Digger (Gargoyle Earth Elementalist)     Turns: 5006, Time: 00:25:35

Health: -2/33      AC:  7    Str: 12    XL:     6   Next: 90%
Magic:  10/12      EV: 12    Int: 17    God:
Gold:   181        SH:  0    Dex: 10    Spells: 10/14 levels left

rFire    . . .     SeeInvis .   (no weapon)
rCold    . . .     Faith    .   (no shield)
rNeg     + . .     Spirit   .   c - +0 robe
rPois    ∞         Reflect  .   (no helmet)
rElec    +         Harm     .   (no cloak)
rCorr    .         Rampage  .   (no gloves)
Will     .....                  b - +0 pair of boots
Stlth    ++........             (no amulet)
HPRegen  0.11/turn              a - ring of wizardry
MPRegen  0.13/turn              (no ring)

@: no status effects
A: negative energy resistance 1, electricity resistance, unbreathing,
petrification resistance, miasma immunity, AC +4
a: no special abilities


You were on level 5 of the Dungeon.
You visited 1 branch of the dungeon, and saw 5 of its levels.

You collected 181 gold pieces.

Inventory:

Missiles
 j - 57 stones
Armour
 b - a +0 pair of boots (worn)
 c - a +0 robe (worn)
Jewellery
 a - a ring of wizardry (left hand)
Wands
 n - a wand of polymorph (4)
Scrolls
 h - 2 scrolls of teleportation
 i - a scroll of remove curse {unknown}
 l - a scroll of random uselessness {unknown}
 m - a scroll of enchant weapon {unknown}
 p - a scroll of immolation {unknown}
 q - a scroll of identify
Potions
 d - 3 potions of magic {unknown}
 e - a potion of heal wounds {unknown}
 f - a potion of degeneration {unknown}
 g - 2 potions of haste {unknown}
 k - a potion of lignification {unknown}
 o - a potion of mutation {unknown}
 r - a potion of cancellation {unknown}
 s - a potion of attraction {unknown}


   Skills:
 - Level 0.5 Fighting
 - Level 1.5 Dodging
 - Level 2.3 Stealth
 - Level 0.8 Unarmed Combat
 * Level 4.6 Spellcasting
 - Level 0.7 Transmutations
 * Level 6.7 Earth Magic


You had 10 spell levels left.
You knew the following spells:

 Your Spells              Type           Power        Failure   Level
a - Sandblast             Erth           54%          1%          1
b - Stone Arrow           Conj/Erth      30%          4%          3

Your spell library contained the following spells:

 Spells                   Type           Power        Failure   Level
 Passwall                 Tmut/Erth      13%          1%          2
 Lee's Rapid Deconstruct  Erth           13%          11%         5
 Petrify                  Tmut/Erth      16%          13%         4


Dungeon Overview and Level Annotations

Branches:
Dungeon (5/15)             Temple (0/1) D:5

Altars:
Hepliaklqana
Nemelex Xobeh

Annotations:
D:4 Sigmund


Innate Abilities, Weirdness & Mutations

You are resistant to torment.
Your stone body is resilient. (AC +4)
You are immune to poison.
You resist negative energy. (rN+)
You are resistant to electric shocks. (rElec)
You can survive without breathing.
You are immune to petrification.
You are immune to miasma.


Message History

Aim: a jelly (heavily wounded, 0% to evade)
The blast of sand hits something!
Something hits you.
* * * LOW HITPOINT WARNING * * *
The orc misses you. Something barely misses you.
Something hits you but does no damage.
You open the door.
Something hits you but does no damage. x2
Found 14 gold pieces.
Found a staircase to the Ecumenical Temple.
Aiming: Sandblast (safe; 1% risk of failure)
Press: ? - help, Q - select action, (/) - cycle Shift-Dir - straight line, p - jelly
Okay, then.
Press: ? - help, v - describe, . - travel The floor.
There is an open door here.
You hear some strange, mumbled words.
A puff of frost appears from out of thin air!
The puff of frost hits you.
You die...

##########
#..Jo....####...
#{##o...).......
####'######.####.##
#...@...# #.####>#
#..$....# #...(..#
#...>...+..#o##..#
#.......#.###.#..#
#.......## ##...#
####+#### #.#..#
#.##..# #.# #..# #s
#..####


There were no monsters in sight!

Vanquished Creatures
  2 ogres (D:4)
  A howler monkey (D:4)
  A worker ant (D:3)
  Ijyb (D:3)
  6 adders
  An ufetubus (D:4)
  An ooze (D:4)
  A worm (D:2)
  2 dart slugs
  5 leopard geckos
  3 orcs
  3 giant cockroaches
  7 goblins
  6 hobgoblins
  2 quokkas (D:2)
  2 ball pythons
  15 bats
  2 frilled lizards
  11 kobolds
  7 rats
79 creatures vanquished.

Notes
Turn   | Place    | Note
-------+----------+-------------------------------------------
     0 | D:1      | skwiii the Gargoyle Earth Elementalist began the quest for
                  | the Orb.
     0 | D:1      | Reached XP level 1. HP: 10/10 MP: 3/3
   141 | D:1      | Reached skill level 4 in Earth Magic
   180 | D:1      | Reached XP level 2. HP: 15/15 MP: 3/5
   797 | D:1      | Reached XP level 3. HP: 19/19 MP: 4/6
  1509 | D:2      | Learned a level 3 spell: Stone Arrow
  1658 | D:2      | Found a hazy altar of Hepliaklqana.
  1783 | D:2      | Reached XP level 4. HP: 14/24 MP: 1/8
  2276 | D:2      | Reached skill level 5 in Earth Magic
  2773 | D:3      | Reached XP level 5. HP: 20/28 MP: 7/9
  3561 | D:3      | Noticed Ijyb
  3598 | D:3      | Killed Ijyb
  4079 | D:4      | Found a sparkling altar of Nemelex Xobeh.
  4475 | D:4      | Noticed an ogre
  4483 | D:4      | Killed an ogre
  4484 | D:4      | Reached skill level 6 in Earth Magic
  4484 | D:4      | Reached XP level 6. HP: 30/33 MP: 1/12
  4953 | D:4      | Noticed Sigmund
  4976 | D:5      | Entered Level 5 of the Dungeon
  5001 | D:5      | HP: 1/33 [something (2)]
  5004 | D:5      | Found a staircase to the Ecumenical Temple.
  5006 | D:5      | Killed from afar by an orc wizard

Illustrated notes

Levels and vault maps discovered:
D:1:      lemuel_arrival_hallway, layout_loops_ring
D:2:      layout_basic, nzn_hepliaklqana_mist_gate
D:3:      layout_loops_cross, uniq_ijyb
D:4:      layout_basic, nemelex_dance_club_becter, uniq_sigmund
D:5:      corexii_shantytown, layout_loops_ring, temple_green,
          gammafunk_ghost_abyssal_escape, minmay_liquid_box, uniq_eustachio,
          uniq_grinder

Skill      XL: |  1  2  3  4  5 |
---------------+----------------+-----
Earth Magic    | 4 5 6 |  6.7
Spellcasting   | 3 4 |  4.6
Fighting       | |  0.5
Dodging        | |  1.5
Stealth        | |  2.3
Unarmed Combat | |  0.8
Transmutations | |  0.7

Action                   |  1- 3 |  4- 6 || total
-------------------------+-------+-------++-------
Melee: Unarmed           |    53 |    42 ||    95
 Cast: Sandblast         |    36 |    47 ||    83
       Stone Arrow       |     6 |    31 ||    37
  Use: Scroll            |       |     3 ||     3
Armor: Robe              |    25 |    30 ||    55
Dodge: Dodged            |    57 |    59 ||   116
